 Dungeon Crawl Stone Soup version 0.29-a0-266-gf56f883ddd (webtiles) character file.

Game seed: 11307642879051218129

67 Zonian the Chiller (level 3, -1/24 HPs)
             Began as a Demonspawn Ice Elementalist on Mar 7, 2022.
             Was a Follower of Nemelex Xobeh.
             Slain by Natasha (5 damage)
             ... on level 2 of the Dungeon.
             The game lasted 00:02:54 (2315 turns).

Zonian the Chiller (Demonspawn Ice Elementalist)    Turns: 2315, Time: 00:02:55

Health: -1/24      AC:  3    Str:  8    XL:     3   Next: 98%
Magic:  3/6        EV: 12    Int: 18    God:    Nemelex Xobeh [*.....]
Gold:   102        SH:  0    Dex: 13    Spells: 6/7 levels left

rFire   . . .      SeeInvis .   h - +0 dagger
rCold   . . .      Faith    .   (no shield)
rNeg    . . .      Spirit   .   a - +0 robe
rPois   +          Reflect  .   (no helmet)
rElec   .          Harm     .   (no cloak)
rCorr   .          Rampage  .   (no gloves)
Will    .....                   f - +0 pair of boots
Stlth   ++........              (no amulet)
HPRegen 0.08/turn               l - ring of poison resistance
MPRegen 0.10/turn               (no ring)

@: slowed, very slow
A: powered by pain 1, weakness stinger 1
a: Renounce Religion, Draw Escape, Draw Destruction, Draw Summoning


You were on level 2 of the Dungeon.
You worshipped Nemelex Xobeh.
Nemelex Xobeh was aware of your devotion.
You visited 1 branch of the dungeon, and saw 3 of its levels.

You collected 102 gold pieces.

Inventory:

Hand Weapons
 h - a +0 dagger (weapon)
Armour
 a - a +0 robe (worn)
 f - a +0 pair of boots (worn)
Jewellery
 l - a ring of poison resistance (left hand)
Scrolls
 c - a scroll of fear {unknown}
 e - 2 scrolls of identify {unknown}
 j - a scroll of amnesia {unknown}
 k - a scroll of teleportation {unknown}
Potions
 b - a potion of magic
 d - a potion of curing {unknown}
 g - a potion of heal wounds {unknown}
 i - a potion of lignification {unknown}


   Skills:
 + Level 2.4 Dodging
 + Level 2.5 Stealth
 + Level 2.6 Spellcasting
 + Level 4.0 Ice Magic


You had 6 spell levels left.
You knew the following spells:

 Your Spells              Type           Power      Damage    Failure   Level
a - Freeze                Ice            64%        1d8       3%          1

Your spell library contained the following spells:

 Spells                   Type           Power      Damage    Failure   Level
 Frozen Ramparts          Ice            32%        1d5       10%         3
 Ozocubu's Armour         Ice            16%        N/A       10%         3
 Pain                     Necr           8%         1d4       17%         1
 Hailstorm                Conj/Ice       9%         3d4       58%         4


Dungeon Overview and Level Annotations

Branches:
Dungeon (3/15)

Altars:
Nemelex Xobeh

Annotations:
D:2 Natasha


Innate Abilities, Weirdness & Mutations

You sometimes gain a little power by taking damage.
You have a small tail.


Message History

You barely miss Natasha. Natasha claws you.
Natasha mumbles some strange words.
You barely miss Natasha. Natasha claws you but does no damage.
The crimson imp barely misses you.
You hit Natasha but do no damage. Your punch misses Natasha.
Natasha closely misses you.
The crimson imp hits you but does no damage.
Natasha claws you. The crimson imp closely misses you.
Unknown command.
Casting: Freeze (safe; 3% risk of failure)
Confirm with . or Enter, or press ? or * to list all spells.
Aiming: Freeze (safe; 3% risk of failure)
Press: ? - help, Shift-Dir - straight line, f - Natasha
Aim: Natasha You freeze Natasha.
Natasha is lightly wounded.
Natasha casts a spell at you. The magic dart hits you.
The crimson imp blinks!
Casting: Freeze (safe; 3% risk of failure)
Confirm with . or Enter, or press ? or * to list all spells.
Aiming: Freeze (safe; 3% risk of failure)
Press: ? - help, Shift-Dir - straight line, f/p - Natasha
Aim: Natasha (lightly wounded)
You freeze Natasha!
Natasha is severely wounded.
Natasha casts a spell at you.
You feel as though you will be slow longer.
Natasha casts a spell at you. The magic dart hits you!
* * * LOW HITPOINT WARNING * * *
Casting: Freeze (safe; 3% risk of failure)
Confirm with . or Enter, or press ? or * to list all spells.
Aiming: Freeze (safe; 3% risk of failure)
Press: ? - help, Shift-Dir - straight line, f/p - Natasha
Aim: Natasha (severely wounded)
You freeze Natasha.
Natasha is almost dead.
Natasha claws you.
You die...
Your body disappears without a glow.

#.# #.#.#.#._.#.#.# #.#
#.....^^..^^^.. #)#
#..............
#####.#######.##.###..#
#.......#####.##<#....#
#......................
#.......####.......####
##########....###### ##
#.@h##.#### ##.
#...5..# #.. #....###
#.# #....# #.# #....#
##.. #...## #..# #...#
#..# #...# #### #...#


You could see Natasha and a crimson imp (summoned).

Vanquished Creatures
  2 adders (D:2)
  An adder zombie (D:2)
  An adder skeleton (D:2)
  2 ball pythons (D:2)
  2 bats (D:2)
  2 bat skeletons (D:2)
  3 endoplasms
  2 giant cockroaches (D:1)
  3 goblins (D:2)
  5 hobgoblins
  2 jackals (D:2)
  2 quokkas (D:1)
  2 ball python skeletons (D:2)
  A ball python zombie (D:2)
  2 frilled lizards (D:2)
  2 kobolds
  5 rats
39 creatures vanquished.

Vanquished Creatures (others)
  2 plants (D:2)
  A withered plant (D:2)
3 creatures vanquished.

Grand Total: 42 creatures vanquished

Notes
Turn   | Place    | Note
-------+----------+-------------------------------------------
     0 | D:1      | Zonian the Demonspawn Ice Elementalist began the quest for
                  | the Orb.
     0 | D:1      | Reached XP level 1. HP: 13/13 MP: 3/3
   429 | D:1      | Gained mutation: You have a small tail. [demonic ancestry]
   429 | D:1      | Reached XP level 2. HP: 13/19 MP: 1/5
  1547 | D:2      | Gained mutation: You sometimes gain a little power by
                  | taking damage. [demonic ancestry]
  1547 | D:2      | Reached XP level 3. HP: 20/24 MP: 2/6
  1730 | D:2      | Found a faded altar of an unknown god.
  1749 | D:2      | Got Plato's Disquisition on Stolen Souls
  1750 | D:2      | Prayed at the altar of an unknown god.
  1750 | D:2      | Became a worshipper of Nemelex Xobeh the Trickster
  1750 | D:2      | Reached * piety under Nemelex Xobeh
  1750 | D:2      | Received a gift from Nemelex Xobeh
  1924 | D:2      | Reached skill level 4 in Ice Magic
  2303 | D:3      | Noticed Natasha
  2315 | D:2      | Slain by Natasha

Illustrated notes

Levels and vault maps discovered:
D:1:      lightli_arrival_maybe_door_vault, layout_basic
D:2:      layout_rooms, serial_undead, serial_undead_f, serial_undead_c,
          serial_undead_b, serial_undead_f, serial_undead_c,
          shapermc_ecumenical_altar_rom_forum
D:3:      layout_rooms, mainiacjoe_overflow_alcove_1, uniq_natasha

Skill      XL: |  1  2  3 |
---------------+----------+-----
Dodging        | 2 |  2.4
Stealth        | 2 |  2.5
Ice Magic      | 4 |  4.0
Spellcasting   | |  2.6

Action                   || total
-------------------------++-------
Melee: Unarmed           ||    53
       Tailslap          ||    10
       Dagger            ||    38
       Punch             ||     1
 Cast: Freeze            ||    62
 Stab: Sleeping          ||     3
Armor: Robe              ||    46
Dodge: Dodged            ||   108

Table legend: (Time is in decaauts)
 A = Elapsed time spent in this place.
 B = Non-inter-level travel time spent in this place.
 C = Inter-level travel time spent in this place.
 D = Time resting spent in this place.
 E = Time spent auto-exploring this place.
 F = Levels seen in this place.
 G = Mean time per level.
                   A        B        C        D        E       F      G
               +--------+--------+--------+--------+--------+-----+--------+
         Total |   2319 |   2296 |     23 |    121 |   1782 |   3 |  773.0 |
       Dungeon |   2319 |   2296 |     23 |    121 |   1782 |   3 |  773.0 |
               +--------+--------+--------+--------+--------+-----+--------+

Top non-repeatable levels by time:
     D:2: 1354 daAuts
     D:1: 937 daAuts
     D:3: 28 daAuts
